 Dungeon Crawl Stone Soup version 0.28-a0-1429-gf3d713df7a (webtiles) character file.

Game seed: 12352610590984854093

6 Deminshera the Chiller (level 1, 0/13 HPs)
             Began as a Demonspawn Ice Elementalist on Jan 8, 2022.
             Slain by a kobold (5 damage)
             ... on level 1 of the Dungeon.
             The game lasted 00:00:29 (438 turns).

Deminshera the Chiller (Demonspawn Ice Elementalist) Turns: 438, Time: 00:00:30

Health: 0/13       AC:  2    Str:  8    XL:     1   Next: 75%
Magic:  2/3        EV: 12    Int: 16    God:
Gold:   0          SH:  0    Dex: 13    Spells: 3/4 levels left

rFire   . . .      SeeInvis .   c - +1 dagger (speed)
rCold   . . .      Faith    .   (no shield)
rNeg    . . .      Spirit   .   a - +0 robe
rPois   .          Reflect  .   (no helmet)
rElec   .          Harm     .   (no cloak)
rCorr   .          Rampage  .   (no gloves)
Will    .....                   (no boots)
Stlth   ++........              (no amulet)
HPRegen 0.04/turn               (no ring)
MPRegen 0.08/turn               (no ring)

@: no status effects
A: no striking features
a: no special abilities


You were on level 1 of the Dungeon.
You visited 1 branch of the dungeon, and saw 1 of its levels.

Inventory:

Hand Weapons
 c - a +1 dagger of speed (weapon)
Armour
 a - a +0 robe (worn)
Scrolls
 b - a scroll of identify {unknown}


   Skills:
 - Level 1.7 Dodging
 - Level 1.7 Stealth
 + Level 2.2 Spellcasting
 + Level 3.7 Ice Magic


You had 3 spell levels left.
You knew the following spells:

 Your Spells              Type           Power      Damage    Failure   Level
a - Freeze                Ice            52%        1d7       4%          1

Your spell library contained the following spells:

 Spells                   Type           Power      Damage    Failure   Level
 Frozen Ramparts          Ice            26%        1d4       13%         3
 Ozocubu's Armour         Ice            13%        N/A       13%         3
 Hailstorm                Conj/Ice       7%         3d4       67%         4


Dungeon Overview and Level Annotations

Branches:
Dungeon (1/15)

Altars:


Message History

Lightning courses through the bush!
The frilled lizard bites the bush but does no damage.
You freeze the kobold!
You kill the kobold!
The kobold shouts!
The kobold throws a stone.
The stone barely misses you.
You can't see any susceptible monsters within range! (Use Z to cast anyway.)
The kobold hits you but does no damage.
The frilled lizard bites the bush but does no damage.
The kobold hits the bush but does no damage.
The rat bites the bush but does no damage.
Things that are here:
a +1 dagger of speed; a kobold corpse
c - a +1 dagger of speed The kobold barely misses you.
The frilled lizard bites the bush but does no damage.
The kobold hits the bush but does no damage.
The rat bites the bush but does no damage.
A rat comes into view.
Your hands tingle!
c - a +1 dagger of speed (weapon)
The kobold hits you with a +2 whip of electrocution.
The frilled lizard bites the bush but does no damage.
The kobold hits the bush but does no damage.
The rat bites the bush but does no damage.
You are too injured to fight recklessly!
You hit the kobold.
The kobold is moderately wounded.
The rat bites the bush but does no damage.
The kobold barely misses you.
The frilled lizard bites the bush but does no damage.
You closely miss the kobold.
The kobold is moderately wounded.
The kobold hits the bush with a +0 dagger.
The kobold hits the bush but does no damage.
You hit the kobold but do no damage.
The kobold is moderately wounded.
The rat bites the bush but does no damage.
The kobold hits you with a +2 whip of electrocution.
You die...

#########
#........
#.#####>.
####.####
#.......#
#.##.##@#
##########.#####K#
.........#.#


#PlP# ......#....# P.KKr.. .###..###### P..÷..#P ## #..# ...r... #(.# ♣...§...#
#..# ♣≈......♣ #..#. ♣..÷÷...♣ You could see 3 kobolds, a frilled lizard and 2
rats.

Vanquished Creatures
  A dart slug (D:1)
  An endoplasm (D:1)
  A bat (D:1)
  A kobold (D:1)
  A rat (D:1)
5 creatures vanquished.

Vanquished Creatures (others)
  13 plants (D:1)
13 creatures vanquished.

Grand Total: 18 creatures vanquished

Notes
Turn   | Place    | Note
-------+----------+-------------------------------------------
     0 | D:1      | Deminshera the Demonspawn Ice Elementalist began the quest
                  | for the Orb.
     0 | D:1      | Reached XP level 1. HP: 13/13 MP: 3/3
   438 | D:1      | Slain by a kobold

Illustrated notes

Levels and vault maps discovered:
D:1:      kennysheep_arrival_seaside, layout_loops_ring, serial_aquarium,
          aquarium_bridge_long_joined [aquarium_subvault_balcony,
          aquarium_subvault_bridge, aquarium_subvault_wall,
          aquarium_subvault_wall, aquarium_subvault_bridge,
          aquarium_subvault_balcony], aquarium_window_2, aquarium_window_corner,
          aquarium_view_2e, aquarium_view_2c, aquarium_pool_2,
          amcnicky_mini_pool_small, lexackson_kobold_supper

Action                   || total
-------------------------++-------
Melee: Unarmed           ||     5
       Dagger            ||     3
 Cast: Freeze            ||     6
Armor: Robe              ||     1
Dodge: Dodged            ||     8

Table legend: (Time is in decaauts)
 A = Elapsed time spent in this place.
 B = Non-inter-level travel time spent in this place.
 C = Inter-level travel time spent in this place.
 D = Time resting spent in this place.
 E = Time spent auto-exploring this place.
 F = Levels seen in this place.
 G = Mean time per level.
                   A        B        C        D        E       F      G
               +--------+--------+--------+--------+--------+-----+--------+
         Total |    436 |    436 |      0 |    205 |    187 |   1 |  436.0 |
       Dungeon |    436 |    436 |      0 |    205 |    187 |   1 |  436.0 |
               +--------+--------+--------+--------+--------+-----+--------+

Top non-repeatable levels by time:
     D:1: 436 daAuts
